 Dungeon Crawl Stone Soup version 0.28-a0-769-g550dbda0cd (webtiles) character file.

Game seed: 10323143875815059433

3176 funkygono the Arsonist (level 9, -1/48 HPs)
             Began as a Gargoyle Fire Elementalist on Nov 1, 2021.
             Slain by an orc priest (4 damage)
             ... on level 7 of the Dungeon.
             The game lasted 00:13:42 (8069 turns).

funkygono the Arsonist (Gargoyle Fire Elementalist) Turns: 8069, Time: 00:13:42

Health: -1/48      AC: 11    Str: 12    XL:     9   Next: 95%
Magic:  9/21       EV: 12    Int: 19    God:
Gold:   398        SH:  0    Dex: 10    Spells: 13/24 levels left

rFire   . . .      SeeInvis .   i - +2 dire flail (holy)
rCold   + . .      Faith    .   (shield currently unavailable)
rNeg    + . .      Spirit   .   y - +0 robe {Will+}
rPois   ∞          Reflect  .   t - +1 helmet
rElec   +          Harm     .   (no cloak)
rCorr   .          Rampage  .   (no gloves)
Will    +....                   q - +0 pair of boots
Stlth   ++........              (no amulet)
HPRegen 0.16/turn               A - ring of protection from cold
MPRegen 0.17/turn               (no ring)

@: studying Polearms
A: sickness immunity, AC +6, negative energy resistance 1, electricity
resistance, torment resistance 1, petrification resistance
a: no special abilities


You were on level 7 of the Dungeon.
You visited 1 branch of the dungeon, and saw 7 of its levels.

You collected 398 gold pieces.

Inventory:

Hand Weapons
 d - a +0 mace
 i - a +2 dire flail of holy wrath (weapon)
 p - a +0 whip
 x - a +1 vorpal flail
Missiles
 g - 209 stones (quivered)
Armour
 a - a +0 robe
 b - a +0 ring mail
 k - a +0 tower shield
 n - a +0 kite shield
 q - a +0 pair of boots (worn)
 t - a +1 helmet (worn)
 v - a +0 buckler
 w - a +0 ring mail of willpower
 y - a +0 robe of willpower (worn)
Jewellery
 A - a ring of protection from cold (left hand)
Scrolls
 c - 3 scrolls of amnesia
 e - 3 scrolls of teleportation
 h - a scroll of immolation
 j - a scroll of magic mapping
 B - a scroll of silence
 C - a scroll of identify
Potions
 f - a potion of brilliance
 l - a potion of heal wounds
 m - 3 potions of lignification
 o - 2 potions of invisibility
 r - 2 potions of attraction
 s - 2 potions of resistance
 u - 4 potions of curing {unknown}
 z - a potion of might {unknown}


   Skills:
 + Level 2.0 Fighting
 + Level 2.3 Maces & Flails
 + Level 2.6 Dodging
 - Level 2.1 Stealth
 * Level 8.1 Spellcasting
 * Level 5.7 Conjurations
 * Level 8.7 Fire Magic


You had 13 spell levels left.
You knew the following spells:

 Your Spells              Type           Power      Damage    Failure   Level
a - Foxfire               Conj/Fire      100%       2x1d9     1%          1
b - Scorch                Fire           80%        2d9       1%          2
c - Conjure Flame         Conj/Fire      35%        6-21      1%          3
d - Flame Wave            Conj/Fire      35%        3d8       4%          4
e - Shock                 Conj/Air       72%        1d7       2%          1

Your spell library contained the following spells:

 Spells                   Type           Power      Damage    Failure   Level
 Inner Flame              Hex/Fire       24%        N/A       4%          3
 Animate Skeleton         Necr           14%        N/A       9%          1
 Apportation              Tloc           14%        N/A       9%          1
 Freeze                   Ice            28%        1d5       9%          1
 Summon Small Mammal      Summ           28%        N/A       9%          1
 Frozen Ramparts          Ice            14%        1d3       26%         3
 Ozocubu's Armour         Ice            7%         N/A       26%         3
 Swiftness                Air            7%         N/A       26%         3
 Hailstorm                Conj/Ice       18%        3d6       28%         4
 Airstrike                Air            3%         N/A       65%         4
 Ozocubu's Refrigeration  Ice            3%         4d5       100%        7


Dungeon Overview and Level Annotations

Branches:
Dungeon (7/15)             Temple (0/1) D:5

Altars:
Ashenzari

Annotations:
D:6 3 runed translucent doors, sn0wgr3's ghost, novice MiFi


Innate Abilities, Weirdness & Mutations

You are immune to sickness and miasma.
Your stone body is resilient. (AC +6)
You are immune to poison.
You resist negative energy. (rN+)
You are resistant to electric shocks. (rElec)
You are resistant to unholy torment.
You are immune to petrification.


Message History

You barely miss the orc warrior.
The orc warrior is heavily wounded.
The orc warrior hits you with a +0 short sword!
You hit the orc warrior.
The orc warrior is heavily wounded.
The orc warrior drinks a potion.
The orc warrior goes berserk!
The orc warrior completely misses you.
You hit the orc warrior but do no damage.
The orc warrior is heavily wounded.
An orc priest comes into view. It is wielding a +0 flail.
The orc warrior hits you with a +0 short sword.
Casting: Scorch (safe; 1% risk of failure)
Confirm with . or Enter, or press ? or * to list all spells.
Flames lash the orc warrior.
The orc warrior is heavily wounded.
The orc warrior's fire resistance burns away.
The orc priest shouts!
The orc warrior barely misses you.
The orc priest mumbles some strange prayers to Beogh against you.
Beogh smites you! The orc warrior completely misses you.
The orc warrior rages.
The orc priest calls upon Beogh to heal the orc warrior.
The orc warrior is healed somewhat.
You see here a +0 club.
Casting: Scorch (safe; 1% risk of failure)
Confirm with . or Enter, or press ? or * to list all spells.
You conjure some foxfire!
The orc warrior is no longer more vulnerable to fire.
The orc warrior barely misses you. x2
Casting: Foxfire (safe; 1% risk of failure)
Confirm with . or Enter, or press ? or * to list all spells.
You conjure some foxfire!
The foxfire hits the orc warrior.
The orc warrior is heavily wounded.
The foxfire hits the orc warrior.
The orc warrior is severely wounded.
The orc warrior hits you with a +0 short sword!!
Ouch! That really hurt!
* * * LOW HITPOINT WARNING * * *
The orc priest hits you with a +0 flail.
You die...

## #. #. #. #. ###. #
#.########.. ...#.
#####.o@v....... ####..#
....)..o.######## .......
....##...# #...
.....)...# #...
###.##.#.# #..#
###.##.#.#############..#
........................
##............#######..#
......#..####... #...


You could see an orc warrior (berserk, ally target) and an orc priest.

Vanquished Creatures
  Edmund (D:4)
  A water moccasin (D:3)
  2 ice beasts
  2 necrophages
  An ogre (D:5)
  2 centaurs
  A phantom (D:6)
  4 kobold brigands
  5 bullfrogs
  2 scorpions
  A water moccasin zombie (D:3)
  A water moccasin skeleton (D:5)
  3 wights (D:7)
  A howler monkey (D:6)
  2 bullfrog zombies
  4 centaur zombies
  A gnoll shaman (D:5)
  2 orc priests (D:5)
  2 hounds (D:5)
  2 jellies
  A centaur skeleton (D:7)
  6 iguanas
  6 orc wizards
  A hound zombie (D:5)
  3 hound skeletons
  A howler monkey zombie (D:6)
  A gnoll (D:5)
  6 adders
  2 white imps
  An ufetubus (D:4)
  An adder skeleton (D:4)
  A worm (D:5)
  5 dart slugs
  19 orcs
  4 ball pythons
  7 bats
  5 endoplasms
  3 giant cockroaches
  2 goblins
  6 hobgoblins
  9 jackals
  16 kobolds
  A quokka (D:4)
  A frilled lizard (D:2)
  5 rats
153 creatures vanquished.

Vanquished Creatures (others)
  499 foxfires
499 creatures vanquished.

Grand Total: 652 creatures vanquished

Notes
Turn   | Place    | Note
-------+----------+-------------------------------------------
     0 | D:1      | funkygono the Gargoyle Fire Elementalist began the quest
                  | for the Orb.
     0 | D:1      | Reached XP level 1. HP: 10/10 MP: 3/3
   132 | D:1      | Reached XP level 2. HP: 15/15 MP: 0/5
   155 | D:1      | Learned a level 2 spell: Scorch
   487 | D:1      | Found a faded altar of an unknown god.
   726 | D:2      | Reached XP level 3. HP: 19/19 MP: 3/6
   730 | D:2      | Learned a level 3 spell: Conjure Flame
  1103 | D:2      | Reached XP level 4. HP: 24/24 MP: 4/7
  1930 | D:3      | Reached XP level 5. HP: 12/28 MP: 1/9
  1935 | D:3      | Learned a level 4 spell: Flame Wave
  2137 | D:3      | Noticed a water moccasin
  2145 | D:3      | Killed a water moccasin
  2146 | D:3      | Reached XP level 6. HP: 33/33 MP: 1/11
  2318 | D:3      | Reached skill level 1 in Fighting
  2819 | D:4      | Reached skill level 5 in Fire Magic
  2965 | D:4      | Noticed an ice beast
  3006 | D:4      | Killed an ice beast
  3210 | D:4      | Noticed Edmund
  3218 | D:4      | Reached XP level 7. HP: 38/38 MP: 10/13
  3230 | D:4      | Killed Edmund
  3925 | D:5      | Entered Level 5 of the Dungeon
  3966 | D:5      | Found a broken altar of Ashenzari.
  4100 | D:5      | Reached skill level 5 in Spellcasting
  4179 | D:5      | Reached skill level 1 in Maces & Flails
  4179 | D:5      | Reached XP level 8. HP: 33/43 MP: 0/16
  4406 | D:5      | Learned a level 1 spell: Shock
  4735 | D:5      | Reached skill level 5 in Conjurations
  4932 | D:5      | Reached XP level 9. HP: 40/48 MP: 8/18
  5577 | D:5      | Found a staircase to the Ecumenical Temple.
  6089 | D:6      | Found a runed translucent gate.
  6090 | D:6      | Found a runed translucent gate.
  6091 | D:6      | Found a runed translucent gate.
  6093 | D:6      | Noticed a kobold demonologist
  6093 | D:6      | Noticed sn0wgr3's ghost (novice MiFi)
  8069 | D:7      | Slain by an orc priest

Illustrated notes

Levels and vault maps discovered:
D:1:      psy_arrival_whirlpool, layout_rooms,
          dreamdust_ecumenical_altar_angels_and_demons
D:2:      layout_basic
D:3:      layout_rooms
D:4:      layout_loops_cross, uniq_edmund
D:5:      cheibrodos_barr_body, layout_cave_pools, nicolae_ashenzari_panopticon,
          minmay_temple_entry_sparse_star, minmay_manual_monstrance
D:6:      layout_loops_corners, gammafunk_ghost_nasty_kobolds,
          roderic_serpentine_path
D:7:      layout_loops_ring

Skill      XL: |  1  2  3  4  5  6  7  8  9 |
---------------+----------------------------+-----
Fire Magic     | 4 5 6 7 8 |  8.7
Conjurations   | 2 3 4 5 |  5.7
Spellcasting   | 3 4 5 6 8 |  8.1
Fighting       | 1 2 |  2.0
Maces & Flails | 1 2 |  2.3
Dodging        | 2 |  2.6
Stealth        | |  2.1

Action                   |  1- 3 |  4- 6 |  7- 9 || total
-------------------------+-------+-------+-------++-------
Melee: Mace              |     4 |    32 |       ||    36
       Dire flail        |       |       |    49 ||    49
 Cast: Foxfire           |    41 |    76 |   189 ||   306
       Scorch            |     4 |     9 |    65 ||    78
       Conjure Flame     |       |       |     1 ||     1
  Use: Scroll            |       |    10 |     4 ||    14
       Potion            |       |       |     1 ||     1
Armor: Robe              |       |    18 |    53 ||    71
Dodge: Dodged            |     1 |    39 |    69 ||   109

Table legend: (Time is in decaauts)
 A = Elapsed time spent in this place.
 B = Non-inter-level travel time spent in this place.
 C = Inter-level travel time spent in this place.
 D = Time resting spent in this place.
 E = Time spent auto-exploring this place.
 F = Levels seen in this place.
 G = Mean time per level.
                   A        B        C        D        E       F      G
               +--------+--------+--------+--------+--------+-----+--------+
         Total |   8091 |   7971 |    120 |   1381 |   5325 |   7 | 1155.9 |
       Dungeon |   8091 |   7971 |    120 |   1381 |   5325 |   7 | 1155.9 |
               +--------+--------+--------+--------+--------+-----+--------+

Top non-repeatable levels by time:
     D:5: 1836 daAuts
     D:6: 1547 daAuts
     D:4: 1245 daAuts
     D:2: 1148 daAuts
     D:3: 936 daAuts
     D:1: 706 daAuts
     D:7: 671 daAuts
